 Dungeon Crawl Stone Soup version 0.28-a0-556-gab23d0e057 (webtiles) character file.

Game seed: 4911615817463109597

275 siradein the Agent of Entropy (level 6, -3/48 HPs)
             Began as a Demonspawn Abyssal Knight on Sept 29, 2021.
             Was a Priest of Lugonu.
             Slain by a human zombie (5 damage)
             ... in an ossuary.
             The game lasted 00:07:38 (2904 turns).

siradein the Agent of Entropy (DsAK)                Turns: 2904, Time: 00:07:38

Health: -3/48      AC: 13    Str: 15    XL:     6   Next: 3%
Magic:  9/9        EV:  5    Int: 11    God:    Lugonu [***...]
Gold:   78         SH:  0    Dex: 14    Spells: 5/5 levels left

rFire   + . .      SeeInvis .   a - +1 spear
rCold   + . .      Faith    .   (no shield)
rNeg    . . .      Spirit   .   g - +0 plate armour
rPois   +          Reflect  .   (no helmet)
rElec   +          Harm     .   (no cloak)
rCorr   +          Rampage  .   (no gloves)
Will    .....                   (no boots)
Stlth   ..........              (no amulet)
HPRegen 0.16/turn               (no ring)
MPRegen 0.11/turn               (no ring)

@: mighty, resistant
A: hooves 1, spiny 1, sharp scales 2
a: Renounce Religion, Depart the Abyss, Bend Space, Banish


You were in an ossuary.
You worshipped Lugonu.
Lugonu was most pleased with you.
You visited 1 branch of the dungeon, and saw 4 of its levels.
You visited the Abyss 1 time.
You also visited: Ossuary.

You collected 78 gold pieces.

Inventory:

Hand Weapons
 a - a +1 spear (weapon)
Missiles
 d - 76 stones
 n - 12 poisoned darts (quivered)
Armour
 g - a +0 plate armour (worn)
Scrolls
 b - 2 scrolls of fear {unknown}
 h - a scroll of brand weapon
 j - 2 scrolls of enchant armour {unknown}
 k - a scroll of immolation
Potions
 l - a potion of flight {unknown}
 m - a potion of brilliance {unknown}
 o - a potion of attraction {unknown}


   Skills:
 + Level 3.8 Fighting
 + Level 2.7 Polearms
 + Level 2.0 Throwing
 + Level 2.7 Armour
 + Level 2.3 Dodging
 + Level 4.1 Invocations


You had 5 spell levels left.
You didn't know any spells.
Your spell library was empty.

Dungeon Overview and Level Annotations

Branches:
Dungeon (4/15)            Ossuary (1/1)
 Temple: D:4-7

Altars:
Elyvilon
Hepliaklqana
Ru
Trog

Shops:
D:1 [   D:2 =   D:3 (


Innate Abilities, Weirdness & Mutations

You have large cloven feet.
You are partially covered in sharp spines.
You are mostly covered in razor-sharp scales. (AC +2, Slay +2)


Message History

The mummy is heavily damaged.
Reach: a) +1 spear
Press: ? - help, Dir - move target, f/p - mummy
Aim: a mummy (heavily damaged, about 23% to evade your +1 spear)
You reach to attack!
You completely miss the mummy.
The mummy is heavily damaged.
Unknown command.
Reach: a) +1 spear
Press: ? - help, Dir - move target, f/p - mummy
Aim: a mummy (heavily damaged, about 22% to evade your +1 spear)
You reach to attack!
You hit the mummy.
The mummy is heavily damaged.
Unknown command.
An elf zombie comes into view.
The human zombie is struck by your spines.
The human zombie hits you.
* * * LOW HITPOINT WARNING * * *
The elf zombie hits you but does no damage.
The mummy hits you.
* * * LOW HITPOINT WARNING * * *
A gnoll zombie comes into view.
The goblin zombie is struck by your spines.
You destroy the goblin zombie!
Lugonu accepts your kill. 2 zombies come into view.
The elf zombie hits you but does no damage.
The human zombie hits you but does no damage.
The human zombie hits you.
* * * LOW HITPOINT WARNING * * *
The human zombie is struck by your spines.
The human zombie hits you.
* * * LOW HITPOINT WARNING * * *
It was a potion of might.
You feel very mighty all of a sudden.
The human zombie is struck by your spines.
The human zombie hits you but does no damage.
It was a potion of resistance.
You feel protected. The human zombie hits you.
You die...

#...........#
##.........##
#...........#
##.........##
#......Z....#
#####Z.M#####
#Z..# ##ZZ.##
##@Z...##
#...∩...#
#.......#
#...∩...#
##.....##
##...## #####


You could see a mummy, a goblin zombie, a gnoll zombie, 2 elf zombies and 2
human zombies.

Vanquished Creatures
  An ogre (D:4)
  An iguana (D:4)
  3 adders
  5 gnolls
  2 worms (D:2)
  6 orcs (D:3)
  3 endoplasms
  A giant cockroach (D:2)
  8 goblins
  7 hobgoblins
  2 jackals (D:2)
  5 quokkas
  3 ball pythons
  14 bats
  8 frilled lizards
  2 goblin zombies (Ossuary)
  3 kobolds
  2 orc zombies (Ossuary)
  4 rats
80 creatures vanquished.

Notes
Turn   | Place    | Note
-------+----------+-------------------------------------------
     0 | Abyss:1  | siradein the Demonspawn Abyssal Knight began the quest for
                  | the Orb.
     0 | Abyss:1  | Reached XP level 1. HP: 18/18 MP: 2/2
    77 | D:1      | Escaped the Abyss
   111 | D:1      | Reached skill level 1 in Dodging
   218 | D:1      | Found Giuzeb's Armour Shoppe.
   315 | D:1      | Gained mutation: You are partially covered in sharp spines.
                  | [demonic ancestry]
   315 | D:1      | Reached XP level 2. HP: 9/24 MP: 4/4
   749 | D:1      | Reached ** piety under Lugonu
   854 | D:1      | Reached skill level 3 in Invocations
   854 | D:1      | Gained mutation: You are partially covered in razor-sharp
                  | scales. (AC +1, Slay +1) [demonic ancestry]
   854 | D:1      | Reached XP level 3. HP: 19/29 MP: 5/5
  1206 | D:2      | Reached skill level 1 in Throwing
  1241 | D:2      | Gained mutation: You are mostly covered in razor-sharp
                  | scales. (AC +2, Slay +2) [demonic ancestry]
  1241 | D:2      | Reached XP level 4. HP: 35/35 MP: 6/6
  1366 | D:2      | Found a bloodstained altar of Trog.
  1438 | D:2      | Found Impeasty's Jewellery Shoppe.
  2122 | D:3      | Found a faded altar of an unknown god.
  2123 | D:3      | Noticed a great orb of eyes
  2125 | D:3      | Noticed a great orb of eyes
  2126 | D:3      | Noticed a golden eye
  2126 | D:3      | Noticed a golden eye
  2139 | D:3      | Found Guhiov's Weapon Shoppe.
  2195 | D:3      | Reached *** piety under Lugonu
  2227 | D:3      | Reached XP level 5. HP: 41/41 MP: 7/7
  2364 | D:3      | Found a hazy altar of Hepliaklqana.
  2411 | D:3      | Found a sacrificial altar of Ru.
  2635 | D:4      | Found a sand-covered staircase.
  2648 | D:4      | Noticed an ogre
  2676 | D:4      | Killed an ogre
  2677 | D:4      | Reached skill level 4 in Invocations
  2677 | D:4      | Gained mutation: You have large cloven feet. [demonic
                  | ancestry]
  2677 | D:4      | Reached XP level 6. HP: 21/48 MP: 7/9
  2845 | Ossuary  | Entered an ossuary
  2895 | Ossuary  | HP: 1/48 [human zombie (3)]
  2904 | Ossuary  | Slain by a human zombie

Illustrated notes

Levels and vault maps discovered:
D:1:      wander_arrival_estate, layout_basic, serial_shops, shop
D:2:      layout_basic, serial_shops, nicolae_shop_competitors_out_of_business,
          basic_altar
D:3:      layout_rooms, nzn_hepliaklqana_mist_gate,
          mainiacjoe_overflow_catch_the_wave,
          hellmonk_ecumenical_altar_watching_god, serial_shops, shop
D:4:      layout_rooms, nicolae_vehumet_radiance, nicolae_ossuary_entry_ruins
Ossuary:  minmay_ossuary_gauntlet

Skill      XL: |  1  2  3  4  5 |
---------------+----------------+-----
Dodging        | 1 2 |  2.3
Polearms       | 2 |  2.7
Armour         | 2 |  2.7
Invocations    | 3 4 |  4.1
Throwing       | 1 2 |  2.0
Fighting       | |  3.8

Action                   |  1- 3 |  4- 6 || total
-------------------------+-------+-------++-------
Melee: Spear             |    72 |   125 ||   197
       Kick              |       |     5 ||     5
Throw: Dart              |       |     5 ||     5
  Use: Scroll            |       |     3 ||     3
       Potion            |       |     2 ||     2
Armor: Ring mail         |    27 |       ||    27
       Plate armour      |    17 |    63 ||    80
Dodge: Dodged            |    31 |    16 ||    47

Table legend: (Time is in decaauts)
 A = Elapsed time spent in this place.
 B = Non-inter-level travel time spent in this place.
 C = Inter-level travel time spent in this place.
 D = Time resting spent in this place.
 E = Time spent auto-exploring this place.
 F = Levels seen in this place.
 G = Mean time per level.
                   A        B        C        D        E       F      G
               +--------+--------+--------+--------+--------+-----+--------+
         Total |   2900 |   2806 |     94 |    350 |   1845 |   6 |  483.3 |
       Dungeon |   2765 |   2671 |     94 |    350 |   1844 |   4 |  691.2 |
         Abyss |     77 |     77 |      0 |      0 |      0 |   1 |   77.0 |
       Ossuary |     58 |     58 |      0 |      0 |      1 |   1 |   58.0 |
               +--------+--------+--------+--------+--------+-----+--------+

Top non-repeatable levels by time:
     D:1: 1118 daAuts
     D:2: 923 daAuts
     D:3: 490 daAuts
     D:4: 233 daAuts
 Abyss:1: 77 daAuts
 Ossuary: 58 daAuts
